 Dungeon Crawl Stone Soup version 0.31.0-1-g2c135a008e (webtiles) character file.

Game seed: 13372290763062139664

417 qw the Shooter (level 7, -1/52 HPs)
             Began as a Djinni Hunter on Jan 23, 2024.
             Slain by an orc priest
             ... wielding a +0 war axe
              (10 damage)
             ... on level 4 of the Dungeon.
             The game lasted 00:00:17 (2929 turns).

qw the Shooter (Djinni Hunter)                      Turns: 2929, Time: 00:00:18

Health: -1/52      AC:  8    Str: 10    XL:     7   Next: 15%
Gold:   120        EV: 11    Int: 10    God:
                   SH:  0    Dex: 19

rFire   + + +        a - +2 shortbow
rCold   . . .        (shield currently unavailable)
rNeg    . . .        f - +3 ring mail {rF+}
rPois   inf          (no helmet)
rElec   .            (no cloak)
rCorr   .            (no gloves)
SInv    .            (boots unavailable)
Will    .....        (no amulet) Stlth
                     m - ring of protection from cold
HPRegen 0.28/turn    (no ring)
MPRegen 0.00/turn

%: infuse magic (-2 HP)
@: confused, flying
A: sickness immunity, fire resistance 2, cold vulnerability 1, float, innate
caster, HP casting, extra vitality 1
a: no special abilities


You were on level 4 of the Dungeon.
You visited 1 branch of the dungeon, and saw 4 of its levels.

You collected 120 gold pieces.


Innate Abilities, Weirdness & Mutations

You are immune to sickness and miasma.
You are immune to poison.
Your flesh is very heat resistant. (rF++)
You are vulnerable to cold. (rC-)
You float through the air rather than walking.
You learn spells naturally, not from books.
Your magical power is your life essence.
You have superior vitality. (+4 MHP)


   Skills:
 - Level 4.0 Fighting
 + Level 5.4 Ranged Weapons
 - Level 1.3 Armour
 - Level 3.1 Dodging
 - Level 0.7 Stealth


You knew the following spells:

 Your Spells              Type           Power      Damage    Failure   Level
a - Sandblast             Erth           0%         2d4       67%         1
b - Momentum Strike       Conj/Tloc      0%         3d8       82%         2
c - Mephitic Cloud        Conj/Alch/Air  0%         N/A       96%         3
Your spell library was empty.

Inventory:

Hand Weapons
 a - a +2 shortbow (weapon)
Armour
 f - a +3 ring mail of fire resistance (worn)
Jewellery
 m - a ring of protection from cold (left hand)
Wands
 c - a wand of flame (45)
Potions
 d - a potion of cancellation
 e - a potion of invisibility {unknown}
 g - a potion of heal wounds {unknown}
 j - a potion of might {unknown}
 k - a potion of curing
 n - a potion of haste

Dungeon Overview and Level Annotations

Branches:
Dungeon (4/15)             Temple (0/1) D:4

Altars:

Shops:
D:3 :


Message History

2915 ||| FLEEEEING.
2916 ||| FLEEEEING.
2917 ||| FLEEEEING.
2918 ||| FLEEEEING.
A magic dart appears from out of thin air!
The magic dart hits you!
Things that are here:
a +0 whip; an orc corpse
2919 ||| FLEEEEING.
You shoot an arrow. You shoot an arrow. You shoot an arrow. You shoot an arrow.
You shoot an arrow. You shoot an arrow.
The orc priest begins to cast a cantrip, but forgets the words!
You shoot an arrow.
The arrow closely misses the orc priest.
Something hits you but does no damage.
The orc priest mumbles some strange prayers to Beogh against you.
Beogh smites you!
The orc priest calls down the wrath of Beogh upon you.
Beogh smites you!
You shoot an arrow.
The arrow closely misses the orc priest.
Something hits you but does no damage.
You shoot an arrow.
The arrow closely misses the orc priest.
The orc priest hits you with a +0 war axe.
You hear some strange, mumbled words.
A puff of flame appears from out of thin air!
The puff of flame hits you. You resist.
You shoot an arrow. The arrow hits the orc priest.
The orc priest is lightly wounded.
The orc priest hits you but does no damage.
The orc priest looks braver for a moment.
You hear some strange, mumbled words.
You are confused.
The orc priest hits you with a +0 war axe!
You die...

#.###.................# ###...
#..###......#########.# #.....
##.# ##...#.# #.# #....#
###.#####.##.# #.#####.....
............%#########.o...o..#..
###..........<)..##.##{#####..o##
#..#######.###.#.....####.....)
#..# #.# #?##.....o......#. #..#
##.###@##.#######...#..
###..######...##{oo...######..#..
.>.............#o.###.######...##
.###.######.......# #........#...
)###.#######.####.#*#.######.##.#
.............# #.....######.....
####.#######.# ###.######......#
##.## #.######.######.######
#...## #........######.######


You could see 2 orc priests and an orc.

Vanquished Creatures
  A scorpion (D:4)
  An orc priest (D:4)
  A jelly (D:4)
  A sleepcap (D:4)
  Ijyb (D:3)
  2 orc wizards (D:4)
  An iguana (D:4)
  3 gnolls (D:2)
  5 adders
  2 dart slugs (D:1)
  3 ribbon worms
  4 orcs (D:4)
  A bat (D:3)
  7 endoplasms
  3 giant cockroaches
  14 goblins
  8 hobgoblins
  3 jackals (D:3)
  4 quokkas
  6 ball pythons
  2 frilled lizards
  10 kobolds
  2 rats
85 creatures vanquished.

Notes
Turn   | Place    | Note
-------+----------+-------------------------------------------
     0 | D:1      | qw the Djinni Hunter began the quest for the Orb.
     0 | D:1      | Reached XP level 1. HP: 18/18 MP: 0/0
     0 | D:1      | 0 ||| qw: Version: 0.3-a-135-gb77e89d
     0 | D:1      | 0 ||| qw: Game counter: 929
     0 | D:1      | 0 ||| qw: Melee chars always use a shield: true
     0 | D:1      | 0 ||| qw: God list: Okawaru
     0 | D:1      | 0 ||| qw: Allow faded altars: false
     0 | D:1      | 0 ||| qw: Do Orc after clearing Dungeon:15 true
     0 | D:1      | 0 ||| qw: Do second Lair branch before Depths: true
     0 | D:1      | 0 ||| qw: Lair rune preference: random
     0 | D:1      | 0 ||| qw: Goals: Normal
     0 | D:1      | 0 ||| PLANNING D:1-11
    41 | D:1      | Reached XP level 2. HP: 11/23 MP: 0/0
   289 | D:1      | Reached skill level 4 in Ranged Weapons
   289 | D:1      | Reached XP level 3. HP: 28/28 MP: 0/0
   289 | D:1      | Learned a level 1 spell: Sandblast
   649 | D:1      | 649 ||| UPGRADING to +0 ring mail.
   659 | D:1      | 659 ||| DROPPING +0 leather armour.
   660 | D:1      | 660 ||| READING scroll labelled ROYKER YNIM.
   661 | D:1      | 661 ||| READING 2 scrolls labelled FEOXKEGUOF.
   665 | D:1      | 665 ||| DROPPING scroll of butterflies.
   819 | D:2      | 819 ||| RETREEEEATING.
   822 | D:2      | Reached skill level 1 in Armour
   822 | D:2      | Reached XP level 4. HP: 34/34 MP: 0/0
   826 | D:2      | 826 ||| RETREEEEATING.
   827 | D:2      | 827 ||| RETREEEEATING.
   828 | D:2      | 828 ||| RETREEEEATING.
   829 | D:2      | 829 ||| RETREEEEATING.
   830 | D:2      | 830 ||| RETREEEEATING.
   831 | D:2      | 831 ||| RETREEEEATING.
   835 | D:2      | 835 ||| RETREEEEATING.
   836 | D:2      | 836 ||| RETREEEEATING.
   837 | D:2      | 837 ||| RETREEEEATING.
   838 | D:2      | 838 ||| RETREEEEATING.
   845 | D:2      | HP: 5/34 [gnoll/+0 spear (4)]
   846 | D:2      | Reached skill level 3 in Fighting
   846 | D:2      | 846 ||| READING scroll of teleportation.
  1229 | D:2      | 1229 ||| READING scroll labelled ITUOMO WIRECE.
  1229 | D:2      | 1229 ||| ENCHANTING +0 shortbow.
  1230 | D:2      | 1230 ||| DRINKING 2 pink potions.
  1553 | D:3      | Reached XP level 5. HP: 31/40 MP: 0/0
  1553 | D:3      | Learned a level 2 spell: Momentum Strike
  1678 | D:3      | Found Jipha's Book Shoppe.
  2054 | D:3      | Noticed Ijyb
  2088 | D:3      | Killed Ijyb
  2266 | D:3      | 2266 ||| UPGRADING to +3 ring mail of fire resistance.
  2276 | D:3      | 2276 ||| DROPPING +0 ring mail.
  2277 | D:3      | 2277 ||| UPGRADING to ring of protection from cold.
  2278 | D:3      | 2278 ||| READING scroll labelled ASKEAR BIJO.
  2279 | D:3      | 2279 ||| READING 2 scrolls labelled MEOSME SERA.
  2279 | D:3      | 2279 ||| ENCHANTING +0 shortbow.
  2280 | D:3      | 2280 ||| READING scroll of enchant weapon.
  2280 | D:3      | 2280 ||| ENCHANTING +1 shortbow.
  2281 | D:3      | 2281 ||| DRINKING 2 murky red potions.
  2282 | D:3      | 2282 ||| DRINKING 2 bubbling white potions.
  2283 | D:3      | 2283 ||| DROPPING potion of attraction.
  2330 | D:4      | 2330 ||| STAIRDANCE
  2480 | D:4      | 2480 ||| FLEEEEING.
  2489 | D:4      | Reached skill level 5 in Ranged Weapons
  2489 | D:4      | Reached XP level 6. HP: 35/46 MP: 0/0
  2500 | D:4      | 2500 ||| DRINKING 2 potions of curing.
  2500 | D:4      | 2500 ||| (to cure confusion)
  2502 | D:4      | Reached skill level 3 in Dodging
  2780 | D:4      | Reached XP level 7. HP: 52/52 MP: 0/0
  2780 | D:4      | Learned a level 3 spell: Mephitic Cloud
  2834 | D:4      | Found a staircase to the Ecumenical Temple.
  2835 | D:4      | 2835 ||| PLANNING TEMPLE
  2835 | D:4      | 2835 ||| READING 2 scrolls labelled TAEQUTH LAIMOPH.
  2836 | D:4      | 2836 ||| READING scroll labelled SODEASK MUXOACK.
  2837 | D:4      | 2837 ||| READING scroll labelled YMIEVO JYENLIH.
  2851 | D:4      | 2851 ||| FLEEEEING.
  2852 | D:4      | 2852 ||| FLEEEEING.
  2862 | D:4      | 2862 ||| FLEEEEING.
  2863 | D:4      | 2863 ||| FLEEEEING.
  2864 | D:4      | 2864 ||| FLEEEEING.
  2865 | D:4      | 2865 ||| FLEEEEING.
  2866 | D:4      | 2866 ||| FLEEEEING.
  2867 | D:4      | 2867 ||| FLEEEEING.
  2871 | D:4      | 2871 ||| FLEEEEING.
  2872 | D:4      | 2872 ||| FLEEEEING.
  2873 | D:4      | 2873 ||| FLEEEEING.
  2874 | D:4      | 2874 ||| FLEEEEING.
  2875 | D:4      | 2875 ||| FLEEEEING.
  2878 | D:4      | 2878 ||| READING scroll labelled MAISTRE ONLOCRO.
  2878 | D:4      | 2878 ||| IDENTIFYING viscous silvery potion
  2879 | D:4      | 2879 ||| DROPPING scroll of revelation.
  2906 | D:4      | 2906 ||| FLEEEEING.
  2907 | D:4      | 2907 ||| FLEEEEING.
  2908 | D:4      | 2908 ||| FLEEEEING.
  2909 | D:4      | 2909 ||| FLEEEEING.
  2910 | D:4      | 2910 ||| FLEEEEING.
  2911 | D:4      | 2911 ||| FLEEEEING.
  2912 | D:4      | 2912 ||| FLEEEEING.
  2913 | D:4      | 2913 ||| FLEEEEING.
  2915 | D:4      | 2915 ||| FLEEEEING.
  2916 | D:4      | 2916 ||| FLEEEEING.
  2917 | D:4      | 2917 ||| FLEEEEING.
  2918 | D:4      | 2918 ||| FLEEEEING.
  2919 | D:4      | 2919 ||| FLEEEEING.
  2926 | D:4      | HP: 11/52 [orc priest/divine providence (15)]
  2929 | D:4      | Slain by an orc priest

Levels and vault maps discovered:
D:1:      minmay_arrival_checkered_box, layout_basic, bh_walls_and_bars
D:2:      layout_basic, minmay_misc_feat_hallway, hangedman_decor_growths
D:3:      kennysheep_goblin_castle, layout_basic, serial_shops, shop
D:4:      layout_loops_ring, minmay_temple_entry_mini_moons

Skill      XL: |  1  2  3  4  5  6 |
---------------+-------------------+-----
Ranged Weapons | 4 5 |  5.4
Armour         | 1 |  1.3
Fighting       | 3 4 |  4.0
Dodging        | 3 |  3.1
Stealth        | |  0.7

Action                     |  1- 3 |  4- 6 |  7- 9 || total
---------------------------+-------+-------+-------++-------
   Fire: Shortbow          |    83 |   210 |    29 ||   322
    Use: Scroll            |     2 |     5 |     4 ||    11
         Potion            |       |     4 |       ||     4
 Armour: Leather armour    |    12 |       |       ||    12
         Ring mail         |     4 |   106 |    15 ||   125
  Dodge: Dodged            |    14 |   106 |     1 ||   121

Table legend:
 A = Non-vault XP
 B = Vault XP
 C = Vault XP percentage of total XP
 D = Non-vault monster count
 E = Vault monster count
 F = Vault count percentage of total count
                 A         B        C        D         E       F
            +---------+---------+-------+---------+---------+-------
      Total |     539 |      58 |   9.7 |      73 |      12 |  14.1
            +---------+---------+-------+---------+---------+-------
        D:1 |      47 |       0 |   0.0 |      24 |       0 |   0.0
        D:2 |      63 |       0 |   0.0 |      13 |       0 |   0.0
        D:3 |      44 |      58 |  56.9 |      10 |      12 |  54.5
        D:4 |     385 |       0 |   0.0 |      26 |       0 |   0.0
            +---------+---------+-------+---------+---------+-------
